 Dungeon Sprint DCSS version 0.23.1 (webtiles) character file.

Game seed: 7175464129817433753

1700000 Gingerlord the Impregnable (level 14, -1/112 HPs)
             Began as a Gargoyle Fighter on Mar 8, 2019.
             Was a Follower of Makhleb.
             Slain by a large bag of meat
             ... wielding a +9 giant spiked club
              (113 damage)
             ... in the Dungeon (Sprint VIII: "Arena of Blood").
             The game lasted 00:00:26 (17 turns).

Gingerlord the Impregnable (Gargoyle Fighter)         Turns: 17, Time: 00:00:27

Health: -1/112     AC: 22    Str: 19    XL:     14   Next: 64%
Magic:  14/14      EV: 10    Int: 11    God:    Makhleb [*.....]
Gold:   0          SH:  0    Dex: 13    Spells: 13/13 levels left

rFire    . . .     SeeInvis .   l - +∞ Axe of Woe
rCold    . . .     Gourm    .   (shield currently unavailable)
rNeg     + . .     Faith    .   b - +0 scale mail
rPois    ∞         Spirit   .   (no helmet)
rElec    +         Reflect  .   (no cloak)
rCorr    .         Harm     .   (no gloves)
MR       +....     NoTele   +   (no boots)
Stlth    ..........             (no amulet)
HPRegen  0.28/turn              (no ring)
MPRegen  0.14/turn              (no ring)

@: no status effects
A: big wings, negative energy resistance 1, electricity resistance, unbreathing,
petrification resistance, rot immunity, AC +10
a: Fly, Renounce Religion


You were in the Dungeon.
You worshipped Makhleb.
Makhleb was aware of your devotion.
You were not hungry.

You visited 1 branch

Inventory:

Hand Weapons
 a - a +0 flail
 l - the +∞ Axe of Woe (weapon)
   (You found it in the Dungeon)
Armour
 b - a +0 scale mail (worn)
 c - a +0 shield
Jewellery
 m - a +30 ring of slaying
Scrolls
 k - a scroll of blinking
Potions
 d - a potion of might
 e - a potion of curing
 g - a potion of heal wounds
 h - a potion of haste
 i - 2 potions of magic
 j - a potion of berserk rage
Comestibles
 f - a ration


   Skills:
 + Level 22.4 Fighting
 + Level 8.5(10.7) Axes
 + Level 11.5(12.6) Maces & Flails
 + Level 22.5 Armour
 + Level 21.6 Shields


You had 13 spell levels left.
You didn't know any spells.
Your spell library was empty.

Dungeon Overview and Level Annotations

Branches:
Dungeon (1/1)

Altars:
Makhleb


Innate Abilities, Weirdness & Mutations

You are resistant to torment.
Your stone body is resilient. (AC +10)
You are immune to poison.
Your large and strong wings let you fly indefinitely.
You resist negative energy. (rN+)
You are resistant to electric shocks. (rElec)
You can survive without breathing.
You are immune to petrification.
You are immune to rotting.


Message History

A meat berserker comes into view. It is wielding a +9 battleaxe.
You hear a shout! x6
The bag of meat hits you with a +9 war axe!!
A large bag of meat comes into view. It is wielding a +9 giant spiked club.
The large bag of meat shouts in stereo!
You slash the bag of meat!
You slaughter the bag of meat joyfully.
You kill the bag of meat!
Makhleb accepts your kill.
You feel better.
Your Fighting skill increases to level 22!
Your base Axes skill gained 2 levels and is now at level 8!
Your base Maces & Flails skill increases to level 11!
Your Armour skill increases to level 22!
Your Shields skill increases to level 21!
You hear a shout! x3
A bag of meat comes into view. It is wielding a +9 war axe.
You hear a shout! x3
The large bag of meat hits you with a +9 giant spiked club!!!!
Ouch! That really hurt!
You die...

... ... #.. ..#
. #.. ..#
..###.. ..###..
......###.......
......._).......
....#..)..#.....
. #_.<._# ...
#.@...# .
.....o.O_......
...O...###......
..###.. ..###. o
#.. ..# #.. ..#
... .. ....


You could see a large bag of meat (inner flame), a meat berserker (berserk) and
2 bags of meat.

Vanquished Creatures
  4 orcs (D)
4 creatures vanquished.

Notes
Turn   | Place    | Note
-------+----------+-------------------------------------------
     0 | D        | Found the +∞ Axe of Woe
     0 | D        | Gingerlord the Gargoyle Fighter began the quest for the
                  | Orb.
     0 | D        | Reached XP level 1. HP: 14/14 MP: 1/1
     1 | D        | Noticed a bag of meat
     3 | D        | Noticed a bag of meat
     3 | D        | Noticed a bag of meat
     9 | D        | Became a worshipper of Makhleb the Destroyer
    10 | D        | Killed a bag of meat
    10 | D        | Reached XP level 2. HP: 37/37 MP: 2/2
    10 | D        | Reached XP level 3. HP: 42/42 MP: 3/3
    10 | D        | Reached XP level 4. HP: 48/48 MP: 4/4
    10 | D        | Reached XP level 5. HP: 53/53 MP: 5/5
    10 | D        | Reached XP level 6. HP: 59/59 MP: 6/6
    10 | D        | Reached XP level 7. HP: 64/64 MP: 7/7
    10 | D        | Reached XP level 8. HP: 69/69 MP: 8/8
    10 | D        | Reached XP level 9. HP: 74/74 MP: 9/9
    10 | D        | Reached XP level 10. HP: 80/80 MP: 10/10
    10 | D        | Reached XP level 11. HP: 85/85 MP: 11/11
    10 | D        | Reached XP level 12. HP: 91/91 MP: 12/12
    10 | D        | Killed a bag of meat
    10 | D        | Reached * piety under Makhleb
    10 | D        | Reached skill level 5 in Axes
    10 | D        | Reached skill level 10 in Maces & Flails
    10 | D        | Reached XP level 13. HP: 100/100 MP: 13/13
    11 | D        | Killed a bag of meat
    11 | D        | Gained mutation: Your large and strong wings let you fly
                  | indefinitely. [Gargoyle growth]
    11 | D        | Reached XP level 14. HP: 110/110 MP: 14/14
    13 | D        | Noticed a bag of meat
    13 | D        | Noticed a bag of meat
    14 | D        | Noticed a large bag of meat
    15 | D        | Noticed a bag of meat
    16 | D        | Noticed a meat berserker
    16 | D        | Noticed a large bag of meat
    17 | D        | Killed a bag of meat
    17 | D        | Noticed a bag of meat
    17 | D        | Slain by a large bag of meat

Skill      XL: |  1  2  3  4  5  6  7  8  9 10 11 12 13 14 |
---------------+-------------------------------------------+-----
Fighting       | 17 19 21 22 | 22.4
Axes           | 3 5 6 8 |  8.5
Maces & Flails | 9 10 11 | 11.5
Armour         | 17 19 21 22 | 22.5
Shields        | 16 19 20 21 | 21.6

Action                   |  1- 3 |  4- 6 |  7- 9 | 10-12 | 13-15 || total
-------------------------+-------+-------+-------+-------+-------++-------
Melee: Executioner's axe |     1 |       |       |       |     2 ||     3
